 Dungeon Crawl Stone Soup version 0.28.0-43-g3370ac3207 (webtiles) character file.

Game seed: 16715275387019126271

30 dianekeaton the Skirmisher (level 3, -3/34 HPs)
             Began as a Hill Orc Fighter on Mar 25, 2022.
             Slain by a hobgoblin (6 damage)
             ... led by Robin
             ... on level 1 of the Dungeon.
             The game lasted 00:04:34 (1397 turns).

dianekeaton the Skirmisher (Hill Orc Fighter)       Turns: 1397, Time: 00:04:34

Health: -3/34      AC:  7    Str: 20    XL:     3   Next: 20%
Magic:  3/3        EV:  9    Int:  8    God:
Gold:   71         SH:  4    Dex: 10    Spells: 2/2 levels left

rFire   . . .      SeeInvis .   a - +0 flail
rCold   . . .      Faith    .   c - +0 buckler
rNeg    . . .      Spirit   .   b - +0 scale mail
rPois   .          Reflect  .   (no helmet)
rElec   .          Harm     .   (no cloak)
rCorr   .          Rampage  .   (no gloves)
Will    .....                   (no boots)
Stlth   ..........              (no amulet)
HPRegen 0.11/turn               (no ring)
MPRegen 0.08/turn               (no ring)

@: mighty
A: no striking features
a: no special abilities


You were on level 1 of the Dungeon.
You visited 1 branch of the dungeon, and saw 2 of its levels.

You collected 71 gold pieces.

Inventory:

Hand Weapons
 a - a +0 flail (weapon)
Armour
 b - a +0 scale mail (worn)
 c - a +0 buckler (worn)
Scrolls
 f - a scroll of identify {unknown}
 g - a scroll of teleportation {unknown}
Potions
 e - a potion of curing {unknown}


   Skills:
 * Level 4.4 Fighting
 + Level 2.7 Maces & Flails
 + Level 3.7 Armour
 - Level 3.2 Shields


You had 2 spell levels left.
You didn't know any spells.
Your spell library contained the following spells:

 Spells                   Type           Power      Damage    Failure   Level
 Slow                     Hex            0%         N/A       85%         1
 Confusing Touch          Hex            0%         N/A       99%         3
 Vampiric Draining        Necr           0%         2d6       99%         3


Dungeon Overview and Level Annotations

Branches:
Dungeon (2/15)

Altars:


Message History

You barely miss Robin.
Robin roars a battlecry!
The hobgoblin goes into a battle-frenzy!
You block the hobgoblin's attack. Robin hits you but does no damage.
The hobgoblin hits you.
You hit Robin.
Robin is moderately wounded.
Robin says, "My army is invincible!"
Robin hits you but does no damage. The hobgoblin barely misses you.
You closely miss Robin.
Robin is moderately wounded.
Robin hits you but does no damage. The hobgoblin hits you.
You barely miss Robin.
Robin is moderately wounded.
Robin hits you but does no damage.
The hobgoblin hits you but does no damage.
Robin's bangles clink loudly.
Robin hits you with a +0 mace. The hobgoblin barely misses you.
You feel very mighty all of a sudden. Robin hits you with a +0 mace.
* * * LOW HITPOINT WARNING * * *
The hobgoblin hits you but does no damage.
You thump Robin!
You kill Robin!
The hobgoblin hits you.
* * * LOW HITPOINT WARNING * * *
You have reached level 3!
Your experience leads to an increase in your attributes!
Increase (S)trength, (I)ntelligence, or (D)exterity?
You feel stronger. x2
You hit the hobgoblin.
The hobgoblin is severely wounded.
The hobgoblin barely misses you.
You completely miss the hobgoblin.
The hobgoblin is severely wounded.
The hobgoblin hits you but does no damage.
You closely miss the hobgoblin.
The hobgoblin is severely wounded.
The hobgoblin hits you.
You die...

.##.#.# #.#####.##.#.#.#
.##.#.# #.#........#.#.#
.##.#.# #####.#.#.#..#.#.#.#
###.#.# #.....#......#>#.#.#
.##.#.# #.#####.##.###.#.#.#
.##.#.# #.##.........#.#.#.#
.##.#.# #.##.##.##.#.#.#.#.#
.##.#.####.##.##)g..#.#.#.#.#
.##.#.......#.##@#..#...#.#.#
.##.###........)#########.#.#
.##.......................#.#
.######.........###########.#
†# #.........# #.# .#
#.........# #(#
.######.........# #.#
.........######## #.#
.........# #.#


You could see a hobgoblin (strong).

Vanquished Creatures
  Robin (D:1)
  2 endoplasms
  4 hobgoblins
  5 bats
  4 goblins (D:1)
  2 kobolds
  A rat (D:1)
19 creatures vanquished.

Vanquished Creatures (others)
  A goblin (D:2)
  4 toadstools (D:1)
5 creatures vanquished.

Grand Total: 24 creatures vanquished

Notes
Turn   | Place    | Note
-------+----------+-------------------------------------------
     0 | D:1      | dianekeaton the Hill Orc Fighter began the quest for the
                  | Orb.
     0 | D:1      | Reached XP level 1. HP: 19/19 MP: 1/1
   212 | D:1      | Reached skill level 4 in Fighting
   212 | D:1      | Reached XP level 2. HP: 27/27 MP: 2/2
   289 | D:1      | You fall into a shaft and drop 1 floor!
  1277 | D:2      | Noticed Robin
  1394 | D:1      | Killed Robin
  1395 | D:1      | Reached XP level 3. HP: 2/34 MP: 3/3
  1397 | D:1      | Slain by a hobgoblin

Illustrated notes

Levels and vault maps discovered:
D:1:      ldierk_walled_garden_2, layout_basic
D:2:      layout_loops_ring, serial_shops, shop,
          nicolae_concentric_dashed_squares_mild, minmay_quadrilaterals,
          uniq_robin, uniq_sigmund

Skill      XL: |  1 |
---------------+----+-----
Fighting       | 4 |  4.4
Maces & Flails | |  2.7
Armour         | |  3.7
Shields        | |  3.2

Action                   || total
-------------------------++-------
Melee: Flail             ||    65
  Use: Potion            ||     1
Armor: Scale mail        ||    45
Dodge: Dodged            ||    50
Block: Buckler           ||    19
